 Dungeon Crawl Stone Soup version 0.27.1-35-g4d5d836560 (console) character file.

Game seed: 10925088174781146464

172 Faeu the Skirmisher (level 5, -5/57 HPs)
             Began as an Ogre Berserker on May 11, 2022.
             Was a Follower of Trog.
             Slain by an orc (8 damage)
             ... on level 4 of the Dungeon.
             The game lasted 00:08:02 (3699 turns).

Faeu the Skirmisher (Ogre Berserker)                Turns: 3699, Time: 00:08:02

Health: -5/57      AC:  3    Str: 22    XL:     5   Next: 53%
Magic:  7/7        EV: 10    Int:  8    God:    Trog [*.....]
Gold:   146        SH:  0    Dex:  8    Spells: 6/6 levels left

rFire    . . .     SeeInvis .   a - +0 hand axe {axe}
rCold    . . .     Faith    .   (no shield)
rNeg     . . .     Spirit   .   b - +0 animal skin
rPois    .         Reflect  .   (helmet restricted)
rElec    .         Harm     .   (no cloak)
rCorr    .         Rampage  .   (gloves unavailable)
Will     .....                  (boots unavailable)
Stlth    +.........             (no amulet)
HPRegen  0.19/turn              (no ring)
MPRegen  0.10/turn              (no ring)

@: confused
A: large, unfitting armour, tough skin 1
a: Renounce Religion, Berserk


You were on level 4 of the Dungeon.
You worshipped Trog.
Trog was aware of your devotion.
You visited 1 branch of the dungeon, and saw 4 of its levels.

You collected 146 gold pieces.


Innate Abilities, Weirdness & Mutations

You are too large for most types of armour.
You have tough skin. (AC +1)


   Skills:
 + Level 5.4 Fighting
 + Level 4.1 Axes
 + Level 1.3 Throwing
 - Level 3.4 Dodging
 + Level 1.3 Spellcasting


You had 6 spell levels left.
You didn't know any spells.
Your spell library contained the following spells:

 Spells                   Type           Power      Damage    Failure   Level
 Summon Small Mammal      Summ           0%         N/A       36%         1
 Static Discharge         Conj/Air       0%         N/A       50%         2
 Call Canine Familiar     Summ           0%         N/A       75%         3
 Summon Guardian Golem    Hex/Summ       0%         N/A       75%         3
 Summon Ice Beast         Ice/Summ       0%         N/A       98%         4
 Lightning Bolt           Conj/Air       0%         1d11      100%        5
 Summon Mana Viper        Hex/Summ       0%         N/A       100%        5
 Monstrous Menagerie      Summ           0%         N/A       100%        7
 Maxwell's Capacitive Co  Air            0%         ∞         100%        8

Inventory:

Hand Weapons
 a - a +0 hand axe (weapon) {axe}
Missiles
 c - 93 stones (quivered) {throwing}
 f - 62 bolts
 h - 33 arrows
 l - 2 atropa-tipped darts {throwing}
Armour
 b - a +0 animal skin (worn)
Wands
 r - a wand of polymorph (13)
   (You found it on level 3 of the Dungeon)
Scrolls
 d - a scroll of amnesia {unknown}
 e - 2 scrolls of fog {unknown}
 g - a scroll of immolation {!r!r}
 i - 3 scrolls of magic mapping {unknown}
 j - a scroll of fear {unknown}
 k - a scroll of summoning {unknown}
 m - 3 scrolls of identify {unknown}
 q - a scroll of blinking {unknown}
 s - a scroll of enchant armour {unknown}
Potions
 n - a potion of magic {unknown}
 o - a potion of heal wounds {unknown}
 p - 3 potions of curing {unknown}
 t - a potion of degeneration {unknown}

Dungeon Overview and Level Annotations

Branches:
Dungeon (4/15)
 Temple: D:4-7

Altars:
Dithmenos
Makhleb
Wu Jian

##. #.. #.# .. #.# .
#####.## . #......# .#
#.###..###.#
###.#........## ..
#....###......#
#.####.#.## ##o##..#
#........# #o@# .#
#.####.#.## #o{# #
#.........# #......#
##........#...#.......#
..........#.###..#......
###<).......# #..#.(..(.
#.......### ..........
#.......# #..# .#.##
#.......# #... ...#
#########


You could see 3 orcs.


Message History

You start resting. 😕 HP[+6] MP[+3]
You regained 6 hp, and now have 48/57 hp.
Your mp is fully restored (7).
You start resting.
You feel yourself speed up.
You recover from your berserk rage. 😎 HP[+9]
Your hp is fully restored (57).
You climb downwards.
There is a stone staircase leading up here.
Things that are here:
a +0 dagger {short}; a goblin corpse 2 orcs come into view.
An orc is wielding a +1 mace of protection.
The orc shouts! x2; You hear a shout!
You throw a stone {throwing}.
The stone {throwing} barely misses the orc.
An orc wizard comes into view. It is wielding a +0 dagger.
An orc comes into view. It is wielding a +0 hand axe.
An orc comes into view. It is wielding a +0 club.
You throw a stone {throwing}.
The stone {throwing} closely misses the orc.
The orc shouts!
The orc wizard shouts!
The stone {throwing} hits the orc wizard but does no damage.
You throw a stone {throwing}.
The stone {throwing} closely misses the orc wizard.
The stone {throwing} hits the orc.
You throw a stone {throwing}.
The stone {throwing} closely misses the orc.
The stone {throwing} hits the orc but does no damage.
You throw a stone {throwing}.
The stone {throwing} hits the orc but does no damage.
You throw a stone {throwing}.
The stone {throwing} hits the orc but does no damage.
You closely miss the orc. The orc barely misses you.
You hit the orc.
The orc hits you with a +1 mace of protection.
The orc wizard gestures wildly while chanting.
The orc wizard flickers and vanishes!
Deactivating autopickup; reactivate with Ctrl-A. 😕 HP[-3]
You take 3 damage, and now have 54/57 hp.
You closely miss the orc. You barely miss the orc. You completely miss the orc.
The orc closely misses you. The orc barely misses you. 😕 HP[+1]
You slash the orc!
You kill the orc!
Trog accepts your kill.
You hit the orc.
The orc hits you with a +1 mace of protection.
The orc hits you from afar with a +0 trident.
The orc barely misses you.
Trog does not appreciate your training of magic skills! 😕 HP[-4]
You take 4 damage, and now have 51/57 hp.
The orc hits you with a +0 trident.
The orc hits you with a +1 mace of protection.
You see here a +0 hand axe {axe}. 😮 HP[-10]
You take 10 damage, and now have 41/57 hp.
You hear some strange, mumbled words.
You are confused.
The orc misses you. Something hits you but does no damage.
The orc closely misses you.
You see here a stone {throwing}.
The orc closely misses you. The orc barely misses you. 😮 HP[+1]
You hit something. You hit the orc but do no damage. You hit the orc.
You miss the orc.
The orc hits you with a +1 mace of protection.
Something hits you. The orc barely misses you. The orc hits you with a +0 club.
The orc hits you with a +1 mace of protection!
* * * LOW HITPOINT WARNING * * *
😨 HP[-18]
You take 18 damage, and now have 24/57 hp.
MASSIVE DAMAGE!! (PAUSE)
You bump into the rock wall.
You hear some strange, mumbled words.
A magic dart appears from out of thin air!
The magic dart hits you.
* * * LOW HITPOINT WARNING * * *
The orc hits you with a +0 trident.
* * * LOW HITPOINT WARNING * * *
The orc misses you.
The orc hits you with a +1 mace of protection!
* * * LOW HITPOINT WARNING * * *
😱 HP[-17]
You take 17 damage, and now have 7/57 hp.
MASSIVE DAMAGE!! (PAUSE)
You are too confused!
You are too confused!
You miss something. You barely miss the orc. You closely miss the orc.
You hit the orc but do no damage. Something hits you.
* * * LOW HITPOINT WARNING * * *
The orc hits you but does no damage. The orc hits you with a +0 club.
* * * LOW HITPOINT WARNING * * *
The orc hits you with a +1 mace of protection!
You die...

Skill      XL: |  1  2  3  4 |
---------------+-------------+-----
Dodging        | 3 |  3.4
Fighting       | 5 |  5.4
Axes           | 4 |  4.1
Throwing       | 1 |  1.3
Spellcasting   | 1 |  1.3

Action                   |  1- 3 |  4- 6 || total
-------------------------+-------+-------++-------
Melee: Hand axe          |   122 |    79 ||   201
Throw: Stone             |    62 |    18 ||    80
Invok: Berserk           |       |     2 ||     2
 Stab: Sleeping          |     1 |     1 ||     2
Armor: Animal skin       |    74 |    19 ||    93
Dodge: Dodged            |    81 |    46 ||   127

Levels and vault maps discovered:
D:1:      doesnt_arrival_eight_statues, layout_loops_cross,
          hellmonk_ecumenical_altar_blasted, serial_bayou_pond_e,
          amcnicky_mini_corridor_feature, minmay_pentomino_t2
D:2:      layout_basic, serial_aquarium, aquarium_bridge_square
          [aquarium_subvault_bridge, aquarium_subvault_wall,
          aquarium_subvault_window, aquarium_subvault_window],
          aquarium_window_2, aquarium_window_3, aquarium_view_2f,
          aquarium_balcony_3b
D:3:      layout_rooms, nicolae_overflow_hidden_temple
D:4:      layout_loops_cross, st_stairs_13

Notes
Turn   | Place    | Note
-------+----------+-------------------------------------------
     0 | D:1      | Faeu the Ogre Berserker began the quest for the Orb.
     0 | D:1      | Reached XP level 1. HP: 24/24 MP: 1/1
     0 | D:1      | magus.rc [v1.9.6]
   162 | D:1      | You pick up a book of Callings {forbidden} and begin
                  | reading...
   162 | D:1      | You add the spells Summon Small Mammal, Call Canine
                  | Familiar and Summon Guardian Golem to your library.
   197 | D:1      | Found a faded altar of an unknown god.
   210 | D:1      | Reached XP level 2. HP: 28/32 MP: 2/2
   829 | D:1      | Reached skill level 3 in Dodging
   952 | D:1      | You pick up a book of Beasts {forbidden} and begin
                  | reading...
   952 | D:1      | You add the spells Summon Ice Beast, Summon Mana Viper and
                  | Monstrous Menagerie to your library.
  1012 | D:1      | You pick up a book of Lightning {forbidden} and begin
                  | reading...
  1012 | D:1      | You add the spells Static Discharge, Lightning Bolt and
                  | Maxwell's Capacitive Coupling to your library.
  1233 | D:2      | Reached XP level 3. HP: 27/40 MP: 3/3
  2245 | D:2      | Reached XP level 4. HP: 48/49 MP: 4/4
  2703 | D:2      | Reached skill level 5 in Fighting
  3074 | D:3      | Reached ** piety under Trog
  3270 | D:3      | Found an ornate altar of the Wu Jian Council.
  3270 | D:3      | Found a burning altar of Makhleb.
  3272 | D:3      | Found a shadowy altar of Dithmenos.
  3582 | D:4      | Noticed a necrophage
  3589 | D:4      | Killed a necrophage
  3590 | D:4      | Reached skill level 4 in Axes
  3590 | D:4      | Reached skill level 1 in Throwing
  3590 | D:4      | Reached skill level 1 in Spellcasting
  3590 | D:4      | Reached XP level 5. HP: 57/57 MP: 4/7
  3698 | D:4      | HP: 14/57 [orc (6)]
  3699 | D:4      | HP: 4/57 [something (3)]
  3699 | D:4      | Slain by an orc

Vanquished Creatures
  A necrophage (D:4)
  3 adders
  A worm (D:2)
  3 dart slugs
  An orc (D:4)
  6 bats
  7 endoplasms
  2 giant cockroaches (D:2)
  4 goblins
  5 hobgoblins
  3 kobolds (D:1)
  2 quokkas
  5 ball pythons
  5 frilled lizards
  3 rats (D:2)
51 creatures vanquished.

Table legend:
 A = Non-vault XP
 B = Vault XP
 C = Vault XP percentage of total XP
 D = Non-vault monster count
 E = Vault monster count
 F = Vault count percentage of total count
                 A         B        C        D         E       F
            +---------+---------+-------+---------+---------+-------
      Total |     241 |       6 |   2.4 |      49 |       2 |   3.9
            +---------+---------+-------+---------+---------+-------
        D:1 |      27 |       6 |  18.2 |      15 |       2 |  11.8
        D:2 |      60 |       0 |   0.0 |      19 |       0 |   0.0
        D:3 |      30 |       0 |   0.0 |      12 |       0 |   0.0
        D:4 |     124 |       0 |   0.0 |       3 |       0 |   0.0
            +---------+---------+-------+---------+---------+-------

Illustrated notes

Table legend:
 A = Kills in this place as a percentage of kills in entire the game.
 B = Kills by you in this place as a percentage of kills by you in the entire game.
 C = Kills by friends in this place as a percentage of kills by friends in the entire game.
 D = Other kills in this place as a percentage of other kills in the entire game.
 E = Experience gained in this place as a percentage of experience gained in the entire game.
 F = Experience gained in this place divided by the number of levels of this place that you have seen.
                   A       B       C       D       E      F
               +-------+-------+-------+-------+-------+----------------------
         Total | 100.0 | 100.0 |   N/A |   N/A | 100.0 |  61.8
       Dungeon | 100.0 | 100.0 |   N/A |   N/A | 100.0 |  61.8
               +-------+-------+-------+-------+-------+----------------------

Table legend: (Time is in decaauts)
 A = Elapsed time spent in this place.
 B = Non-inter-level travel time spent in this place.
 C = Inter-level travel time spent in this place.
 D = Time resting spent in this place.
 E = Time spent auto-exploring this place.
 F = Levels seen in this place.
 G = Mean time per level.
                   A        B        C        D        E       F      G
               +--------+--------+--------+--------+--------+-----+--------+
         Total |   3750 |   3639 |    111 |    389 |   2474 |   4 |  937.5 |
       Dungeon |   3750 |   3639 |    111 |    389 |   2474 |   4 |  937.5 |
               +--------+--------+--------+--------+--------+-----+--------+

Top non-repeatable levels by time:
     D:2: 1714 daAuts
     D:1: 1234 daAuts
     D:3: 748 daAuts
     D:4: 53 daAuts
